 Dungeon Crawl Stone Soup version 0.31-a0-1156-g12f98b2 (webtiles) character file.

Game seed: 1462934854556944663

80 PidgeyThePirate the Gusty (level 4, 0/24 HPs)
             Began as a Tengu Air Elementalist on Dec 7, 2023.
             Slain by a gnoll
             ... wielding a +0 spear
              (3 damage)
             ... on level 2 of the Dungeon.
             The game lasted 00:04:04 (1546 turns).

PidgeyThePirate the Gusty (Tengu Air Elementalist)  Turns: 1546, Time: 00:04:05

Health: 0/24       AC:  5    Str: 11    XL:     4   Next: 39%
Magic:  6/9        EV: 11    Int: 15    God:
Gold:   77         SH:  0    Dex: 14    Spells: 7/8 levels left

rFire   . . .        l - +2 whip of Taxation {heavy, rPois Will+}
rCold   . . .        (no shield)
rNeg    . . .        f - +0 ring mail
rPois   +            (helmet restricted)
rElec   .            (no cloak)
rCorr   .            (no gloves)
SInv    .            (boots unavailable)
Will    +....        (no amulet)
Stlth   +            (no ring)
HPRegen 0.24/turn    (no ring)
MPRegen 0.11/turn

%: acrobat
@: very slightly contaminated
A: beak, talons 3, acrobatic
a: no special abilities


You were on level 2 of the Dungeon.
You visited 1 branch of the dungeon, and saw 2 of its levels.

You collected 77 gold pieces.

Inventory:

Hand Weapons
 l - the +2 whip of Taxation (weapon) {heavy, rPois Will+}
   (You found it on level 2 of the Dungeon)

   rPois:     It protects you from poison Will+: It increases your willpower.
Armour
 a - a +0 robe
 f - a +0 ring mail (worn)
Wands
 j - a wand of flame (11)
Scrolls
 c - a scroll of blinking {unknown}
 d - a scroll of fog {unknown}
 g - a scroll of enchant armour {unknown}
 i - a scroll of torment {unknown}
 m - a scroll of identify {unknown}
Potions
 b - a potion of magic
 e - 2 potions of curing {unknown}
 h - a potion of attraction {unknown}
 k - a potion of heal wounds {unknown}
 n - a potion of mutation {unknown}


   Skills:
 + Level 1.1 Armour
 + Level 2.3 Dodging
 + Level 2.2 Stealth
 + Level 0.4 Unarmed Combat
 + Level 2.8 Spellcasting
 + Level 2.5 Conjurations
 + Level 4.7 Air Magic


You had 7 spell levels left.
You knew the following spells:

 Your Spells              Type           Power      Damage    Failure   Level
a - Shock                 Conj/Air       52%        1d6       11%         1

Your spell library contained the following spells:

 Spells                   Type           Power      Damage    Failure   Level
 Static Discharge         Conj/Air       26%        3-5/arc   16%         2
 Magic Dart               Conj           36%        1d4       17%         1
 Swiftness                Air            16%        N/A       21%         3
 Searing Ray              Conj           18%        2d5       26%         2
 Airstrike                Air            8%         2d(2-18)  54%         4
 Ensorcelled Hibernation  Hex/Ice        4%         N/A       58%         2
 Jinxbite                 Hex            4%         N/A       58%         2
 Fulminant Prism          Conj/Hex       3%         3d5       95%         4
 Anguish                  Hex/Necr       1%         N/A       99%         4


Dungeon Overview and Level Annotations

Branches:
Dungeon (2/15)

Altars:


Innate Abilities, Weirdness & Mutations

You have a beak for a mouth.
You have claws for feet.
You can magically evade attacks while moving or waiting.


Message History

a +0 club; a gnoll corpse You hit the gnoll.
Your kick misses the gnoll. You peck the gnoll, but do no damage.
The gnoll is lightly wounded.
The gnoll hits you from afar with a +0 spear.
The gnoll hits you with a +0 spear! The gnoll barely misses you.
The gnoll completely misses you. The gnoll completely misses you.
Casting: Shock (safe; 11% risk of failure)
Confirm with . or Enter, or press ? or * to list all spells.
Aiming: Shock (safe; 11% risk of failure)
Press: ? - help, Shift-Dir - straight line The zap hits the gnoll.
The gnoll is lightly wounded.
The zap hits the gnoll.
The gnoll is heavily wounded.
The zap hits the adder.
The adder is heavily wounded.
The zap hits the adder.
The adder is severely wounded.
The gnoll hits you from afar with a +0 spear.
Casting: Shock (safe; 11% risk of failure)
Confirm with . or Enter, or press ? or * to list all spells.
Aiming: Shock (safe; 11% risk of failure)
Press: ? - help, Shift-Dir - straight line The zap hits the gnoll.
The gnoll is moderately wounded.
The zap hits the gnoll.
The gnoll is heavily wounded.
The gnoll hits you from afar with a +0 spear.
* * * LOW HITPOINT WARNING * * *
Casting: Shock (safe; 11% risk of failure)
Confirm with . or Enter, or press ? or * to list all spells.
Aiming: Shock (safe; 11% risk of failure)
Press: ? - help, Shift-Dir - straight line You miscast Shock.
You are very lightly contaminated with residual magic.
Nothing appears to happen.
The gnoll hits you from afar with a +0 spear.
You die...

........g.gS... ###..###
#......# #... #.#S####
###..###+# .$ #g)gS#
......#.# ## ####g# #...##.##
#g# #........ #.#
+#+##.#....#.
#@###.#..#........
#########.....#.........#.
#.............#...........
####......<......#....##...#.
#...............##..#......##
#...............##..####.#.##
#......####.....##..# .....#.
#......# #......+.[.#########
#......# #......#.)..........


You could see 3 gnolls and an adder.

Vanquished Creatures
  A gnoll (D:2)
  4 adders (D:2)
  A dart slug (D:1)
  2 bats (D:1)
  3 endoplasms
  2 giant cockroaches (D:1)
  4 goblins (D:1)
  2 hobgoblins (D:1)
  2 kobolds (D:1)
  2 quokkas (D:1)
  6 ball pythons (D:1)
  A frilled lizard (D:1)
  3 rats (D:1)
33 creatures vanquished.

Notes
Turn   | Place    | Note
-------+----------+-------------------------------------------
     0 | D:1      | PidgeyThePirate the Tengu Air Elementalist began the quest
                  | for the Orb.
     0 | D:1      | Reached XP level 1. HP: 10/10 MP: 4/4
   162 | D:1      | Reached XP level 2. HP: 15/15 MP: 1/6
   517 | D:1      | Reached XP level 3. HP: 17/19 MP: 0/7
  1163 | D:2      | Reached skill level 1 in Armour
  1326 | D:2      | Identified the +2 whip of Taxation {heavy, rPois Will+}
  1346 | D:2      | Reached XP level 4. HP: 24/24 MP: 8/8
  1546 | D:2      | Slain by a gnoll

Illustrated notes

Levels and vault maps discovered:
D:1:      erik_arrival_orb_chamber, layout_loops_ring
D:2:      layout_basic

Skill      XL: |  1  2  3 |
---------------+----------+-----
Conjurations   | 2 |  2.5
Armour         | 1 |  1.1
Dodging        | |  2.3
Stealth        | |  2.2
Unarmed Combat | |  0.4
Spellcasting   | |  2.8
Air Magic      | |  4.7

Action                     |  1- 3 |  4- 6 || total
---------------------------+-------+-------++-------
  Melee: Unarmed           |    11 |       ||    11
         Kick              |     3 |     1 ||     4
         Peck              |     2 |     2 ||     4
         Whip              |     7 |    14 ||    21
         Punch             |     1 |       ||     1
   Cast: Shock             |    50 |     2 ||    52
  Evoke: Wand              |     3 |       ||     3
 Armour: Robe              |     2 |       ||     2
         Ring mail         |    21 |    14 ||    35
  Dodge: Dodged            |    43 |    19 ||    62

Table legend: (Time is in decaauts)
 A = Elapsed time spent in this place.
 B = Non-inter-level travel time spent in this place.
 C = Inter-level travel time spent in this place.
 D = Time resting spent in this place.
 E = Time spent auto-exploring this place.
 F = Levels seen in this place.
 G = Mean time per level.
                   A        B        C        D        E       F      G
               +--------+--------+--------+--------+--------+-----+--------+
         Total |   1558 |   1506 |     52 |      0 |   1184 |   2 |  779.0 |
       Dungeon |   1558 |   1506 |     52 |      0 |   1184 |   2 |  779.0 |
               +--------+--------+--------+--------+--------+-----+--------+

Top non-repeatable levels by time:
     D:1: 1087 daAuts
     D:2: 471 daAuts
